 Dungeon Crawl Stone Soup version 0.27-a0-931-g5a74e75d8f (webtiles) character file.

Game seed: 12283730477462796390

8257 mhtbhm the Geomancer (level 11, -5/62 HPs)
             Began as a Gargoyle Earth Elementalist on Apr 10, 2021.
             Slain by a komodo dragon (23 damage)
             ... on level 9 of the Dungeon.
             The game lasted 00:22:29 (15263 turns).

mhtbhm the Geomancer (Gargoyle Earth Elementalist) Turns: 15263, Time: 00:22:30

Health: -5/62      AC: 14    Str: 18    XL:     11   Next: 28%
Magic:  13/23      EV: 17    Int: 19    God:
Gold:   769        SH:  0    Dex: 10    Spells: 11/26 levels left

rFire    . . .     SeeInvis .   a - +2 whip (venom)
rCold    . . .     Faith    .   (no shield)
rNeg     + + .     Spirit   .   b - +2 robe {rN+}
rPois    ∞         Reflect  .   e - +0 helmet
rElec    +         Harm     .   k - +0 cloak
rCorr    .         Rampage  .   (no gloves)
Will     .....                  (no boots)
Stlth    ++........             (no amulet)
HPRegen  0.20/turn              h - +4 ring of evasion
MPRegen  0.18/turn              n - +6 ring of strength

@: no status effects
A: AC +8, negative energy resistance 1, electricity resistance, torment
resistance 1, unbreathing 1, petrification resistance
a: no special abilities


You were on level 9 of the Dungeon.
You visited 2 branches of the dungeon, and saw 11 of its levels.
You also visited: Sewer.

You collected 769 gold pieces.

Inventory:

Hand Weapons
 a - a +2 whip of venom (weapon)
Missiles
 c - 144 stones
 C - 4 javelins
Armour
 b - a +2 robe of positive energy (worn)
 e - a +0 helmet (worn)
 k - a +0 cloak (worn)
Jewellery
 h - a +4 ring of evasion (left hand)
 n - a +6 ring of strength (right hand)
 w - a +6 ring of strength
Wands
 g - a wand of paralysis (2) (quivered)
 u - a wand of digging (8)
 v - a wand of flame (39)
 B - a wand of charming (13)
Scrolls
 f - 3 scrolls of holy word
 j - 4 scrolls of enchant weapon
 p - a scroll of fear
 q - a scroll of torment
 s - a scroll of immolation
 t - 3 scrolls of magic mapping {unknown}
 x - 2 scrolls of silence {unknown}
 y - 4 scrolls of teleportation
 A - 2 scrolls of fog {unknown}
Potions
 d - a potion of berserk rage
 i - a potion of curing
 l - 2 potions of magic
 m - a potion of brilliance {unknown}
 o - a potion of lignification {unknown}
 r - 2 potions of attraction {unknown}
 z - 2 potions of flight {unknown}


   Skills:
 + Level 4.7 Fighting
 + Level 8.5 Maces & Flails
 + Level 1.2 Throwing
 + Level 5.2 Dodging
 - Level 2.1 Stealth
 + Level 8.2 Spellcasting
 + Level 1.3 Transmutations
 + Level 11.2 Earth Magic
 + Level 1.7 Evocations


You had 11 spell levels left.
You knew the following spells:

 Your Spells              Type           Power      Damage    Failure   Level
a - Sandblast             Erth           100%       2d20      1%          1
b - Passwall              Tmut/Erth      25%        N/A       1%          2
c - Stone Arrow           Conj/Erth      58%        3d10      2%          3
d - Lee's Rapid Deconstr  Erth           25%        3d15*     2%          5
e - Petrify               Tmut/Erth      31%        N/A       7%          4

Your spell library contained the following spells:

 Spells                   Type           Power      Damage    Failure   Level
 Confusing Touch          Hex            7%         N/A       26%         3
 Gell's Gravitas          Tloc           3%         N/A       26%         3
 Yara's Violent Unravell  Hex/Tmut       5%         3d4       88%         5
 Metabolic Englaciation   Hex/Ice        3%         N/A       94%         5


Dungeon Overview and Level Annotations

Branches:
Dungeon (10/15)            Temple (1/1) D:6           Sewer (visited)
   Lair: D:8-11         Orc: D:9-12

Altars:
Ashenzari
Cheibriados
Dithmenos
Elyvilon
Fedhas
Gozag
Hepliaklqana
Kikubaaqudgha
Makhleb
Nemelex Xobeh
Okawaru
Qazlal
Ru
Sif Muna
Trog
Uskayaw
Vehumet
Wu Jian
Xom
Yredelemnul
Zin
The Shining One

Shops:
D:3 (   D:8 =


Innate Abilities, Weirdness & Mutations

Your stone body is resilient. (AC +8)
You are immune to poison.
You resist negative energy. (rN+)
You are resistant to electric shocks. (rElec)
You are resistant to unholy torment.
You can survive without breathing.
You are immune to petrification.


Message History

Done waiting.
You start waiting.
Done waiting.
You climb downwards.
The water moccasin bites you but does no damage.
The komodo dragon completely misses you.
The water moccasin completely misses you.
The komodo dragon bites you!
There is a stone staircase leading up here.
Unknown command.
The water moccasin bites you. The komodo dragon bites you!!
You climb upwards.
There is a stone staircase leading down here.
The water moccasin misses you. The komodo dragon bites you!!
* * * LOW HITPOINT WARNING * * *
The water moccasin bites you but does no damage.
You feel better. The water moccasin bites you.
* * * LOW HITPOINT WARNING * * *
The water moccasin bites you but does no damage.
Casting: Lee's Rapid Deconstruction (dangerous; 2% risk of failure)
Confirm with . or Enter, or press ? or * to list all spells.
Aiming: Lee's Rapid Deconstruction (dangerous; 2% risk of failure)
Press: ? - help, Dir - move target A rock wall.
The wall shatters!
The blast of rock fragments hits the water moccasin!!
You kill the water moccasin!
The blast of rock fragments hits the komodo dragon!!
The komodo dragon is heavily wounded.
Unknown command.
Casting: Lee's Rapid Deconstruction (dangerous; 2% risk of failure)
Confirm with . or Enter, or press ? or * to list all spells.
Aiming: Lee's Rapid Deconstruction (dangerous; 2% risk of failure)
Press: ? - help, Dir - move target A rock wall.
The wall shatters!
The blast of rock fragments hits the komodo dragon!!
The komodo dragon is almost dead.
The komodo dragon bites you!!
You die...

♣ #..#
♣##############..#
♣................#
...<.............#
################.#
#.# #.# #.# #@#
#l# #.#
################.#
...............>.#
.................#
.................#
###############..#
#..#


You could see a komodo dragon.

Vanquished Creatures
  A hydra (D:10)
  A cyclops (D:9)
  A hornet (shapeshifter) (D:9)
  Sigmund (D:5)
  A shadow (D:9)
  7 wyverns
  4 steam dragons
  An acid dragon (D:9)
  4 water moccasins
  Duvessa (D:5)
  4 orc warriors
  2 ice beasts (D:6)
  3 ogres
  4 centaurs
  6 kobold brigands (Sewer)
  7 bullfrogs
  6 scorpions
  3 wyvern zombies
  A wyvern skeleton (D:6)
  A water moccasin zombie (D:5)
  Dowan (D:5)
  3 water moccasin skeletons
  6 wights (D:9)
  8 killer bees
  A howler monkey (D:5)
  3 centaur zombies
  2 jellies
  2 centaur skeletons
  A hound (D:6)
  5 orc priests
  Crazy Yiuf (D:5)
  2 bullfrog skeletons
  An iguana (D:4)
  8 orc wizards
  Ijyb (D:5)
  A killer bee zombie (D:9)
  A hound zombie (D:5)
  A hound skeleton (D:5)
  3 howler monkey zombies
  7 adders
  2 river rats (Sewer)
  2 white imps (D:7)
  2 adder skeletons (D:4)
  A worm (Sewer)
  4 dart slugs
  23 orcs
  13 endoplasms
  8 giant cockroaches
  14 goblins
  12 hobgoblins
  5 jackals
  7 quokkas
  9 ball pythons
  4 bats
  2 frilled lizards (D:1)
  15 kobolds
  3 rats
243 creatures vanquished.

Vanquished Creatures (others)
  A wyvern (D:9)
  A centaur (D:8)
  An orc (D:8)
  46 fungi (D:10)
  30 plants (D:10)
79 creatures vanquished.

Grand Total: 322 creatures vanquished

Notes
Turn   | Place    | Note
-------+----------+-------------------------------------------
     0 | D:1      | mhtbhm the Gargoyle Earth Elementalist began the quest for
                  | the Orb.
     0 | D:1      | Reached XP level 1. HP: 10/10 MP: 3/3
   183 | D:1      | Reached skill level 4 in Earth Magic
   183 | D:1      | Reached XP level 2. HP: 15/15 MP: 3/5
   188 | D:1      | Learned a level 2 spell: Passwall
   543 | D:1      | Found a faded altar of an unknown god.
   809 | D:2      | Reached XP level 3. HP: 2/19 MP: 2/6
  1335 | D:2      | Learned a level 3 spell: Stone Arrow
  1616 | D:2      | Found a hazy altar of Hepliaklqana.
  2172 | D:3      | Reached XP level 4. HP: 24/24 MP: 4/8
  2182 | D:3      | Found a glowing drain.
  2200 | D:3      | Reached skill level 1 in Maces & Flails
  2207 | Sewer    | Entered a sewer
  2231 | Sewer    | Noticed a kobold brigand
  2239 | Sewer    | Killed a kobold brigand
  2240 | Sewer    | Reached XP level 5. HP: 28/28 MP: 2/9
  2475 | Sewer    | Noticed a kobold brigand
  2513 | Sewer    | Killed a kobold brigand
  2514 | Sewer    | Reached skill level 1 in Fighting
  2514 | Sewer    | Reached skill level 5 in Earth Magic
  2853 | Sewer    | Noticed a kobold brigand
  2887 | Sewer    | Reached XP level 6. HP: 15/34 MP: 8/11
  3459 | Sewer    | Reached XP level 7. HP: 5/38 MP: 9/13
  4004 | Sewer    | Reached skill level 6 in Earth Magic
  4253 | D:3      | Found an opulent altar of Gozag.
  4253 | D:3      | Found a broken altar of Ashenzari.
  4275 | D:3      | Found Oteab's Weapon Shoppe.
  4588 | D:3      | Learned a level 5 spell: Lee's Rapid Deconstruction
  5357 | D:4      | Identified the +0 whip of Honour {drain, Will- Int+2
                  | Stlth+}
  6037 | D:4      | Learned a level 4 spell: Petrify
  6155 | D:5      | Entered Level 5 of the Dungeon
  6400 | D:5      | Noticed Sigmund
  6408 | D:5      | Killed Sigmund
  6409 | D:5      | Reached XP level 8. HP: 23/45 MP: 11/14
  6595 | D:5      | Found a sparkling altar of Nemelex Xobeh.
  6607 | D:5      | Noticed Dowan
  6608 | D:5      | Noticed Duvessa
  6753 | D:5      | Reached skill level 5 in Maces & Flails
  7004 | D:5      | Reached skill level 5 in Spellcasting
  7014 | D:5      | Noticed Ijyb
  7024 | D:5      | Reached skill level 7 in Earth Magic
  7035 | D:5      | Killed Ijyb
  7477 | D:5      | Killed Dowan
  7481 | D:5      | Killed Duvessa
  7482 | D:5      | Reached XP level 9. HP: 50/50 MP: 17/17
  7813 | D:5      | Found a runed translucent door.
  7814 | D:5      | Noticed Crazy Yiuf
  8001 | D:5      | Killed Crazy Yiuf
  8137 | D:6      | Found a radiant altar of Vehumet.
  8216 | D:6      | Reached skill level 1 in Evocations
  8292 | D:6      | Found a stormy altar of Qazlal.
  8399 | D:6      | Found a staircase to the Ecumenical Temple.
  8484 | Temple   | Entered the Ecumenical Temple
  8715 | D:6      | Reached skill level 8 in Earth Magic
  8721 | D:6      | Reached skill level 1 in Throwing
  9970 | D:7      | Reached XP level 10. HP: 55/56 MP: 19/19
 11075 | D:8      | Found Boraiv's Jewellery Boutique.
 11517 | D:8      | Found a shimmering altar of Xom.
 11517 | D:8      | Found an iron altar of Okawaru.
 11536 | D:8      | Found a faded altar of an unknown god.
 11538 | D:8      | Found a faded altar of an unknown god.
 11558 | D:8      | Found a hazy altar of Hepliaklqana.
 12104 | D:8      | Paralysed by an orc warrior for 4 turns
 12401 | D:9      | Found a shimmering blue altar of Sif Muna.
 12405 | D:9      | Reached skill level 9 in Earth Magic
 12408 | D:9      | Reached skill level 5 in Dodging
 12729 | D:9      | Found a glowing silver altar of Zin.
 12729 | D:9      | Found a white marble altar of Elyvilon.
 12730 | D:9      | Found a glowing golden altar of the Shining One.
 12773 | D:9      | Found a bloodstained altar of Trog.
 13284 | D:9      | Reached skill level 10 in Earth Magic
 13499 | D:9      | Reached XP level 11. HP: 37/62 MP: 5/22
 13819 | D:9      | Noticed a cyclops
 14304 | D:9      | Killed a cyclops
 14305 | D:9      | Reached skill level 1 in Transmutations
 14614 | D:10     | Entered Level 10 of the Dungeon
 14673 | D:10     | Noticed a six-headed hydra
 14683 | D:10     | Killed a six-headed hydra
 14730 | D:10     | Reached skill level 11 in Earth Magic
 15263 | D:9      | Slain by a komodo dragon

Illustrated notes

Levels and vault maps discovered:
D:1:      dpeg_arrival_simpleton_a, layout_rooms,
          hellmonk_ecumenical_altar_leap_of_faith
D:2:      layout_rooms, basic_altar
D:3:      minmay_angry_zag, layout_basic, jmf_multi_god_temple, serial_shops,
          shop_statue, gup_sewer_entry_pipe
D:4:      minmay_razor_zed, layout_loops_ring
D:5:      layout_loops_ring, nicolae_overflow_hidden_temple,
          grunt_decor_one_mirror, uniq_ijyb, uniq_crazy_yiuf_cottage,
          uniq_sigmund, uniq_duvessa
D:6:      layout_loops_ring, vehumet_altar_wand_db, general_overflow_altar,
          minmay_temple_entry_stoned_glass, st_stairs_10
D:7:      layout_loops_corners
D:8:      layout_loops_ring, chequers_temple_overflow_minitemple, serial_shops,
          nicolae_shop_stone, minmay_misc_feat_encased, st_stairs_9,
          minmay_fractal_squares_gapless_5
D:9:      hangedman_cross_stitches, layout_long_grid, good_gods_temple_1,
          overflow_temple_1_default, lemuel_tele_altar, st_stairs_11,
          serial_park_tiny_pond
D:10:     layout_grid_maze, due_lair_maze_entry_diamond, kennysheep_cross_room,
          the_bakery
Temple:   dpeg_three_leaves_temple

Skill      XL: |  1  2  3  4  5  6  7  8  9 10 11 |
---------------+----------------------------------+-----
Earth Magic    | 4 5 6 7 8 10 11 | 11.2
Maces & Flails | 1 2 4 5 7 8 |  8.5
Spellcasting   | 3 4 5 6 7 8 |  8.2
Fighting       | 1 2 3 4 |  4.7
Dodging        | 2 3 4 5 |  5.2
Evocations     | 1 |  1.7
Throwing       | 1 |  1.2
Transmutations | 1 |  1.3
Stealth        | |  2.1

Action                   |  1- 3 |  4- 6 |  7- 9 | 10-12 || total
-------------------------+-------+-------+-------+-------++-------
Melee: Whip              |    49 |   180 |   351 |   249 ||   829
Throw: Dart              |       |       |     5 |       ||     5
       Stone             |       |       |     1 |     1 ||     2
 Cast: Sandblast         |    41 |    40 |    46 |    18 ||   145
       Lee's Rapid Decon |       |       |     6 |    41 ||    47
       Stone Arrow       |       |       |     1 |     2 ||     3
       Petrify           |       |       |       |     7 ||     7
Evoke: Wand              |       |       |     9 |     5 ||    14
  Use: Scroll            |     3 |       |     6 |     4 ||    13
       Potion            |       |       |     1 |     3 ||     4
 Stab: Sleeping          |     2 |       |     8 |     4 ||    14
       Distracted        |       |       |     1 |       ||     1
Armor: Robe              |    27 |    27 |    82 |    83 ||   219
Dodge: Dodged            |    57 |   127 |   275 |   211 ||   670

Table legend: (Time is in decaauts)
 A = Elapsed time spent in this place.
 B = Non-inter-level travel time spent in this place.
 C = Inter-level travel time spent in this place.
 D = Time resting spent in this place.
 E = Time spent auto-exploring this place.
 F = Levels seen in this place.
 G = Mean time per level.
                   A        B        C        D        E       F      G
               +--------+--------+--------+--------+--------+-----+--------+
         Total |  15326 |  15046 |    280 |   3814 |   8325 |  12 | 1277.2 |
       Dungeon |  13074 |  12794 |    280 |   2978 |   7356 |  10 | 1307.4 |
        Temple |    198 |    198 |      0 |      0 |    157 |   1 |  198.0 |
         Sewer |   2053 |   2053 |      0 |    836 |    812 |   1 | 2053.0 |
               +--------+--------+--------+--------+--------+-----+--------+

Top non-repeatable levels by time:
     D:9: 2472 daAuts
   Sewer: 2053 daAuts
     D:5: 1882 daAuts
     D:8: 1608 daAuts
     D:7: 1573 daAuts
     D:4: 1363 daAuts
     D:2: 1220 daAuts
     D:6: 1068 daAuts
     D:3: 931 daAuts
     D:1: 752 daAuts
    D:10: 201 daAuts
  Temple: 198 daAuts
